 Dungeon Crawl Stone Soup version 0.19.0-18-g426998a (webtiles) character file.

62 MaximumFunGaming the Grave Robber (level 3, -3/19 HPs)
             Began as a Deep Elf Necromancer on Nov 11, 2016.
             Slain by an orc
             ... wielding a +0 flail
              (10 damage)
             ... on level 3 of the Dungeon.
             The game lasted 00:11:08 (1029 turns).

MaximumFunGaming the Grave Robber (DENe)            Turns: 1029, Time: 00:11:09

Health: -3/19      AC:  2    Str:  3 (5)  XL:     3   Next: 85%
Magic:  3/10       EV: 13    Int: 17 (20) God:
Gold:   43         SH:  0    Dex: 12 (15) Spells: 4 memorised, 2 levels left

rFire  . . .     SeeInvis .     c - -3 club (curse)
rCold  . . .     Gourm    .     a - +0 robe
rNeg   . . .     Faith    .     (no shield)
rPois  .         Spirit   .     (no helmet)
rElec  .         Reflect  .     (no cloak)
rCorr  .         Harm     .     (no gloves)
MR     .....                    (no boots)
Stlth  ++........               (no amulet)
                                (no ring)
                                (no ring)

@: no status effects
A: no striking features
a: no special abilities


You were on level 3 of the Dungeon.
You were not hungry.

You visited 1 branch of the dungeon, and saw 3 of its levels.

You collected 43 gold pieces.

Inventory:

Hand Weapons
 c - a cursed -3 club (weapon)
 l - a +0 falchion
Missiles
 d - 62 stones (quivered)
 e - 12 poisoned needles
 j - 13 bolts
Armour
 a - a +0 robe (worn)
Scrolls
 n - a scroll of enchant weapon
Potions
 g - a potion of haste
 i - a potion of heal wounds
Books
 b - a book of Necromancy

   Spells                             Type                      Level
   a - Pain                           Necromancy                   1
   b - Animate Skeleton               Necromancy                   1
   c - Vampiric Draining              Necromancy                   3
   d - Regeneration                   Charms/Necromancy            3
   e - Animate Dead                   Necromancy                   4
   f - Control Undead                 Necromancy                   4
Comestibles
 h - a meat ration
 k - a bread ration
 m - 3 fruits


   Skills:
 + Level 2.6 Dodging
 + Level 2.4 Stealth
 + Level 4.4 Spellcasting
 + Level 5.8 Necromancy


You had 2 spell levels left.
You knew the following spells:

 Your Spells              Type           Power        Failure   Level  Hunger
a - Pain                  Necr           ###.         1%          1    None
b - Animate Skeleton      Necr           N/A          1%          1    None
c - Regeneration          Chrm/Necr      ##........   14%         3    ###....
d - Vampiric Draining     Necr           ###.......   6%          3    ###....


Dungeon Overview and Level Annotations

Branches:
Dungeon (3/15)

Altars:


Message History

The orc closely misses you.
You hit the orc but do no damage. The bat hits you. The orc closely misses you.
You hit the orc but do no damage. The bat closely misses you.
The orc completely misses you.
You barely miss the orc. The orc closely misses you. The bat barely misses you.
You closely miss the orc. The bat hits you. The orc barely misses you.
You hit the orc but do no damage. The orc misses you.
You barely miss the orc. The bat completely misses you. The orc misses you.
All of the chunks of flesh in your inventory have rotted away.
You closely miss the orc. The orc closely misses you. The bat hits you.
You hit the orc but do no damage. The bat hits you but does no damage.
The orc closely misses you.
You completely miss the orc. The bat hits you. The orc hits you with a dagger.
The orc barely misses you.
You barely miss the orc. The bat barely misses you. The orc barely misses you.
The orc closely misses you. The orc hits you with a dagger.
You completely miss the orc. The bat hits you. The orc hits you with a dagger.
The orc hits you with a flail!
Ouch! That really hurt!
You die...

.# . ### .###.. ....#
.... #.. .## #.# ..#.
#o#### #.
##...###@o..####..
####.##.....#..........#
)...#..........b..###..
#.................##
##..................#
#.....................
##.#....................
#.......................
....##...................


You could see 2 orcs and a bat.

Vanquished Creatures
  An orc priest (D:3)
  An adder (D:2)
  A dart slug (D:1)
  An orc (D:3)
  2 giant cockroaches (D:2)
  2 goblins
  A hobgoblin (D:1)
  4 kobolds (D:1)
  3 bats
  A frilled lizard (D:2)
  4 rats
21 creatures vanquished.

Vanquished Creatures (collateral kills)
  2 hobgoblins
  2 frilled lizards
4 creatures vanquished.

Grand Total: 25 creatures vanquished

Notes
Turn   | Place    | Note
-------+----------+-------------------------------------------
     0 | D:1      | MaximumFunGaming the Deep Elf Necromancer began the quest for the Orb.
     0 | D:1      | Reached XP level 1. HP: 10/10 MP: 6/6
    46 | D:1      | Learned a level 1 spell: Animate Skeleton
   124 | D:1      | Reached skill level 5 in Necromancy
   235 | D:1      | Reached XP level 2. HP: 7/15 MP: 5/8
   682 | D:2      | Reached XP level 3. HP: 18/19 MP: 7/10
   695 | D:2      | Learned a level 3 spell: Regeneration
   699 | D:2      | Learned a level 3 spell: Vampiric Draining
  1029 | D:3      | Slain by an orc

Skill      XL: |  1  2  3 |
---------------+----------+-----
Necromancy     | 5 |  5.8
Spellcasting   | 4 |  4.4
Dodging        | |  2.6
Stealth        | |  2.4

Action                   || total
-------------------------++-------
Melee: Club              ||    24
 Cast: Pain              ||    37
       Animate Skeleton  ||    13
       Vampiric Draining ||     6
  Use: Scroll            ||     7
       Potion            ||     5
  Eat: Bread ration      ||     1
Armor: Robe              ||     6
Dodge: Dodged            ||    37
